 Dungeon Crawl Stone Soup version 0.16.2-2-g470672f (webtiles) character file.

707 poirepourri the Quickloader (level 8, -3/57 HPs)
             Began as a Formicid Hunter on Aug 28, 2015.
             Was a Follower of Okawaru.
             Slain by a wight
             ... wielding a +2 morningstar of freezing
              (4 damage)
             ... on level 5 of the Dungeon.
             The game lasted 00:07:33 (4388 turns).

poirepourri the Quickloader (Formicid Hunter)       Turns: 4388, Time: 00:07:33

Health: -3/57      AC:  7    Str: 18    XL:     8   Next: 0%
Magic:  11/11      EV: 11    Int: 11    God:    Okawaru [*.....]
Gold:   72         SH:  3    Dex: 12    Spells: 0 memorised, 7 levels left

rFire  . . .     SeeInvis +     b - +2 hand crossbow
rCold  . . .     Clarity  .     d - +2 leather armour
rNeg   . . .     SustAb   .     g - +0 buckler
rPois  .         Gourm    .     (helmet unavailable)
rElec  .         Spirit   .     (no cloak)
rCorr  .         Warding  .     l - +0 pair of gloves
rMut   .         Stasis   +     e - +0 pair of boots
MR     .....                    (no amulet)
Stlth  ++........               (no ring)
                                (no ring)

@: drained, not resistant to hostile enchantments, unstealthy
A: permanent stasis, dig shafts and tunnels, four strong arms, antennae 3
a: Dig, Shaft Self, Heroism, Renounce Religion


You were on level 5 of the Dungeon.
You worshipped Okawaru.
Okawaru was aware of your devotion.
You were not hungry.

You visited 1 branch of the dungeon, and saw 5 of its levels.

You collected 162 gold pieces.
You spent 90 gold pieces at shops.

Inventory:

Hand weapons
 a - a +0 short sword
 b - a +2 hand crossbow (weapon)
Armour
 d - a +2 leather armour (worn)
 e - a +0 pair of boots (worn)
 g - a +0 buckler (worn)
 l - a +0 pair of gloves (worn)
 r - the +0 pair of gloves "Gijewn" {Str+6, unknown}
   (You found it on level 4 of the Dungeon)

   It affects your strength (+6).
Scrolls
 h - a scroll of fog {unknown}
 j - 2 scrolls of remove curse
 k - a scroll of recharging
Potions
 i - 3 potions of curing
 m - a potion of restore abilities
 o - 2 potions of cancellation {unknown}
 q - a potion of resistance
 t - a potion of might
 v - a potion of brilliance
Comestibles
 f - 2 bread rations
 n - a meat ration
 p - 2 beef jerkies
 s - a slice of pizza


   Skills:
 + Level 2.4(2.2) Fighting
 + Level 0.2(0.0) Short Blades
 + Level 8.0(7.8) Crossbows
 + Level 2.7(2.5) Armour
 + Level 3.1(2.9) Dodging
 + Level 1.9(1.7) Stealth


You had 7 spell levels left.
You didn't know any spells.

Dungeon Overview and Level Annotations

Branches:
Dungeon (5/15)
 Temple: D:4-7

Altars:
Cheibriados
Okawaru
Vehumet
Zin


Innate Abilities, Weirdness & Mutations

You are under a permanent stasis effect.
You can dig through walls and to a lower floor.
Your four strong arms can wield two-handed weapons with a shield.
You have a pair of large antennae on your head (SInv).


Message History

Press: ? - help, Shift-Dir - straight line, f/p - wight
Aim: a wight, wielding a morningstar of freezing and wearing a robe (severely damaged)
Okay, then.
Unknown command.
Firing (i - inventory): No suitable missiles.
Press: ? - help, Shift-Dir - straight line, f/p - wight
Aim: a wight, wielding a morningstar of freezing and wearing a robe (severely damaged)
Okay, then.
Firing (i - inventory): No suitable missiles.
Press: ? - help, Shift-Dir - straight line, f/p - wight
Aim: a wight, wielding a morningstar of freezing and wearing a robe (severely damaged)
Okay, then.
Unknown command.
The wight hits you with a morningstar of freezing!
* * * LOW HITPOINT WARNING * * *
The wight freezes you.
* * * LOW HITPOINT WARNING * * *
The wight misses you.
The wight hits you with a morningstar of freezing.
You die...

.......###..#
## ...#...#
##.##
..###..#
#..## )##
#..# ##..#
### ## #..#
##.## .(.$. #
#..# #..#
#(.... #..#
##.###(.....
#..#
##.#).......
#..
#.@z.......
##.z.......
#.%........
#..........
#.....?....
...........
#..........
#.........
#........


You could see 2 wights.

Vanquished Creatures
  An ogre (D:4)
  2 wights (D:5)
  A crimson imp (D:3)
  The ghost of Charly the Ruffian, a weakling VSTm (D:4)
  A hound (D:4)
  A centaur skeleton (D:4)
  2 orc priests
  4 orc wizards
  2 worker ants
  Jessica (D:2)
  6 adders
  4 gnolls (D:3)
  A giant mite (D:1)
  A worm (D:3)
  2 adder skeletons (D:4)
  6 giant geckos
  6 orcs
  4 giant cockroaches
  10 hobgoblins
  13 kobolds
  A quokka (D:3)
  A ball python (D:3)
  8 bats
  4 giant newts
  12 goblins
  A quokka skeleton (D:4)
  7 rats
103 creatures vanquished.

Notes
Turn   | Place    | Note
--------------------------------------------------------------
     0 | D:1      | poirepourri, the Formicid Hunter, began the quest for the Orb.
     0 | D:1      | Reached XP level 1. HP: 16/16 MP: 1/1
   292 | D:1      | Reached XP level 2. HP: 22/22 MP: 3/3
   606 | D:1      | Reached XP level 3. HP: 27/27 MP: 4/4
  1095 | D:2      | Reached skill level 5 in Crossbows
  1438 | D:2      | Reached XP level 4. HP: 33/33 MP: 5/5
  1459 | D:2      | Noticed Jessica
  1462 | D:2      | Killed Jessica
  1463 | D:2      | Found a radiant altar of Vehumet.
  1638 | D:2      | Reached XP level 5. HP: 38/38 MP: 7/7
  1775 | D:3      | Found a snail-covered altar of Cheibriados.
  1797 | D:3      | Reached skill level 1 in Armour
  2050 | D:3      | Reached skill level 6 in Crossbows
  2240 | D:3      | Found an iron altar of Okawaru.
  2276 | D:3      | Became a worshipper of Warmaster Okawaru
  2516 | D:3      | Reached XP level 6. HP: 25/45 MP: 8/8
  3188 | D:4      | Noticed Charly's ghost (weakling VSTm)
  3192 | D:4      | Killed Charly's ghost
  3192 | D:4      | Reached skill level 7 in Crossbows
  3192 | D:4      | Reached XP level 7. HP: 49/51 MP: 9/9
  3289 | D:4      | Found Zin's Purification Station.
  3289 | D:4      | Found a glowing silver altar of Zin.
  3300 | D:4      | Got a pair of twisted gloves
  3366 | D:4      | Bought a potion of curing for 90 gold pieces
  3548 | D:4      | Acquired Okawaru's first power
  3993 | D:5      | Entered Level 5 of the Dungeon
  4383 | D:5      | Reached skill level 8 in Crossbows
  4383 | D:5      | Reached XP level 8. HP: 19/57 MP: 11/11
  4387 | D:5      | HP: 1/57 [wight/morningstar of freezing (3)]
  4388 | D:5      | Slain by a wight

Action                   |  1- 3 |  4- 6 |  7- 9 || total
-------------------------+-------+-------+-------++-------
Melee: Short sword       |       |       |    36 ||    36
 Fire: Hand crossbow     |   106 |   137 |    79 ||   322
  Use: Scroll            |       |    10 |       ||    10
       Potion            |       |     6 |       ||     6
  Eat: Bread ration      |     1 |     1 |       ||     2
       Pizza             |       |     1 |       ||     1
